AoeStats
← DiaperMoogletism

Arena

509523886Analyzed
1v1 RM · 7d ago on Sep 27, 2026· 47m 3s· 2 players
Game mode
Random Map
Map size
Tiny (2 player)
Population
200
Speed
Normal
Resources
Standard
Victory
Conquest
Starting age
Dark Age
Ending age
Imperial Age
RankedLock teamsTeams togetherTeam positionsShared explorationLock speedFull tech treeHidden civsTurbo modeCheats
Victory
Defeat
🇺🇸 Dravidians · United States
723
+14
🇨🇴 Sicilians · Colombia
689
-14
pablocaicedo83
9:24 Feudal Age
12:18 Horse Collar
15:13 Castle Age
19:41 Double-Bit Axe
24:26 Fletching
24:37 Padded Archer Armor
25:44 Bodkin Arrow
26:04 Leather Archer Armor
26:38 Stone Mining
26:50 Gold Mining
27:20 Bow Saw
26:56 Pikeman
29:11 Scale Mail Armor
29:21 Forging
31:00 Ballistics
32:10 Gold Shaft Mining
31:53 Chain Mail Armor
35:06 Elite Skirmisher
39:38 Iron Casting
DiaperMoogletism
5:33 Loom
14:49 Feudal Age
16:05 Fletching
16:16 Padded Archer Armor
18:41 Castle Age
17:03 Horse Collar
17:11 Double-Bit Axe
17:22 Fletching
24:14 Gold Mining
25:29 Bow Saw
25:25 Heavy Plow
26:02 Wheelbarrow
28:09 Bodkin Arrow
28:46 Elite Skirmisher
30:47 Stone Mining
31:27 Padded Archer Armor
44:17 Imperial Age
42:31 Thumb Ring
42:46 Leather Archer Armor
42:53 Ballistics
45:54 Conscription
45:54 Wootz Steel
Connection lost

Rejoining the realm…

Still unreachable

The connection could not be restored.

Session expired

The server has moved on; the page needs a fresh start.